[Event "Late-Titled-Tuesday-Blitz-March-12-2024"]
[Site "Chess.com"]
[Date "2024.03.12"]
[Round "8"]
[White "nj123456"]
[Black "Smoking_Crow"]
[Result "0-1"]
[WhiteElo "2477"]
[BlackElo "2639"]
[TimeControl "180+1"]
[EndTime "15:26:27 PDT"]
[Termination "Smoking_Crow won by checkmate"]

1. e4 c6 2. d4 d5 3. e5 Bf5 4. Nf3 e6 5. Be2 Nd7 6. O-O Ne7 7. a4 h6 8. a5 Bh7 9. c3 Ng6 10. Be3 Be7 11. Nbd2 O-O 12. Bd3 f6 13. exf6 Bxf6 14.
Re1 e5 15. dxe5 Ngxe5 16. Nxe5 Nxe5 17. Bxh7+ Kxh7 18. Nf1 Qd7 19. Bd4 Rfe8 20. Qc2+ Kg8 21. Ng3 Qg4 22. h3 Qd7 23. Nh5 Qf7 24. Qf5 Nd7 25.
Nxf6+ Nxf6 26. Bxf6 Qxf6 27. Qxf6 gxf6 28. f3 Kf7 29. Kf2 Re5 30. f4 Re7 31. Kf3 Rae8 32. Rxe7+ Rxe7 33. Ra4 c5 34. Ra3 Ke6 35. Rb3 Kd6 36.
g4 c4 37. Ra3 Kc5 38. b3 b5 39.
axb6 axb6 40. bxc4 Kxc4 41. Kg3 b5 42. Kh4 Re3 43. Ra6 Kxc3 44. Rxf6 b4 45. f5 b3 46.
Rb6 b2 47. f6 Rf3 48. Kh5 d4 49. Kg6 d3 50. Rc6+ Kb3 51. Rb6+ Kc2 52. Rc6+ Kb1 53.
Kxh6 d2 54. Rd6 Rxf6+ 55. Rxf6 d1=Q 56. g5 Qd4 57. Rc6 Ka2 58. Ra6+ Kb3 59. g6 b1=Q 60. g7 Qh4# 0-1

[Event "Late-Titled-Tuesday-Blitz-March-12-2024"]
[Site "Chess.com"]
[Date "2024.03.12"]
[Round "8"]
[White "David_ATM"]
[Black "Boorchess"]
[Result "0-1"]
[WhiteElo "2386"]
[BlackElo "2564"]
[TimeControl "180+1"]
[EndTime "15:26:28 PDT"]
[Termination "Boorchess won on time"]

1. e4 e5 2. Nf3 Nf6 3. Nc3 Nc6 4. Bb5 Nd4 5. Bc4 Bc5 6. d3 d6 7. Nxd4 Bxd4 8. Bg5 h6 9. Bh4 c6 10. a3 b5 11. Ba2 a5 12. h3 Qe7 13. Qd2 g5 14. Bg3 Nh5 15. Bh2 Nf4 16. f3 h5 17.
Bg1 Bxg1 18. Rxg1 g4 19. hxg4 hxg4 20. d4 gxf3 21. gxf3 Qh4+ 22. Kd1 Be6 23. d5 cxd5 24. Bxd5 Bxd5 25. Nxd5 Nxd5 26. Qxd5 Ke7 27. Qd2 Rhg8 28. Re1 Qh3 29. Qc3 Rac8 30. Qxa5 Qxf3+ 31. Kc1 Rg2 32. Qa7+ Ke6 33. Kb1 Rcxc2 34. Ra2 Qb3 0-1

[Event "Late-Titled-Tuesday-Blitz-March-12-2024"]
[Site "Chess.com"]
[Date "2024.03.12"]
[Round "8"]
[White "yuriydovzik"]
[Black "Fjal"]
[Result "0-1"]
[WhiteElo "2103"]
[BlackElo "2304"]
[TimeControl "180+1"]
[EndTime "15:26:28 PDT"]
[Termination "Fjal won by resignation"]

1. a3 g6 2. d4 Bg7 3. c4 d6 4. Nc3 c5 5. Nf3 cxd4 6. Nxd4 Nc6 7. e3 Nf6 8. Be2 O-O 9. O-O e5 10. Nxc6 bxc6 11. Bf3 Qc7 12. Nb5 cxb5 13. Bxa8 bxc4 14. Bd5 Nxd5 15. Qxd5 Bb7 16. Qd1 Qc6 17. f3 d5 18.
Bd2 Rd8 19. Ba5 Rd7 20. Qd2 Bh6 21. Rfe1 d4 22. Rad1 Rd5 23. Qb4 Bxe3+ 24. Rxe3 dxe3 25. Rxd5 Qxd5 26. h3 e4 27. Qe7 Qxa5 28. Qxb7 e2 29. Qb8+ Kg7 30. Qe5+ Qxe5 0-1

[Event "Late-Titled-Tuesday-Blitz-March-12-2024"]
[Site "Chess.com"]
[Date "2024.03.12"]
[Round "8"]
[White "rasmussvane"]
[Black "DavidGavrilescu18"]
[Result "1-0"]
[WhiteElo "2948"]
[BlackElo "2769"]
[TimeControl "180+1"]
[EndTime "15:26:30 PDT"]
[Termination "rasmussvane won by checkmate"]

1. d4 d5 2. Nf3 Nf6 3. c3 c5 4. dxc5 e6 5. Be3 a5 6. c4 Nc6 7. Nc3 Ng4 8. Bg5 f6 9. cxd5 Bxc5 10. e3 Nb4 11. Bb5+ Kf7 12. Bh4 Nxd5 13. Qe2 Nxc3 14.
bxc3 h5 15. h3 Nh6 16. Ne5+ Kg8 17. Qxh5 Qc7 18. Ng6 Rh7 19. Bg3 Bd6 20. Bxd6 Qxc3+ 21. Ke2 Qb2+ 22. Kf3 Bd7 23. Bxd7 Nf5 24. Bxe6# 1-0

[Event "Late-Titled-Tuesday-Blitz-March-12-2024"]
[Site "Chess.com"]
[Date "2024.03.12"]
[Round "8"]
[White "Aram7Adam"]
[Black "1g60-1"]
[Result "0-1"]
[WhiteElo "2427"]
[BlackElo "2342"]
[TimeControl "180+1"]
[EndTime "15:26:31 PDT"]
[Termination "1g60-1 won by resignation"]

1. e4 e6 2. d4 d5 3. Nd2 Nf6 4.
e5 Nfd7 5. Ngf3 c5 6. c3 Nc6 7. Bd3 Be7 8. O-O g5 9. dxc5 Nxc5 10. Bb5 Bd7 11. Bxc6 bxc6 12. Nd4 h5 13. f4 gxf4 14. Rxf4 Bg5 15. Rf1 Nd3 16. N2b3 Nxc1 17. Nxc1 c5 18. Nf3 Be3+ 19. Kh1 Bb5 20. Nd3 h4 21. a4 Ba6 22.
Re1 Bxd3 23. Qxd3 Bf2 24. Rf1 c4 25. Qd2 Bc5 26. Qf4 h3 27. gxh3 Qe7 28. b4 cxb3 29. Ng5 O-O-O 30. Rab1 Qb7 31. Qxf7 Rd7 32. Qf6 Rf8 33.
Qxf8+ Bxf8 34. Rxf8+ Rd8 35. Rf7 Qc6 36. Rxb3 d4+ 37.
Kg1 dxc3 38. Rf3 c2 39. Rbc3 c1=Q+ 0-1

[Event "Late-Titled-Tuesday-Blitz-March-12-2024"]
[Site "Chess.com"]
[Date "2024.03.12"]
[Round "8"]
[White "olgerts_indricans"]
[Black "KSho99"]
[Result "0-1"]
[WhiteElo "2393"]
[BlackElo "2179"]
[TimeControl "180+1"]
[EndTime "15:26:31 PDT"]
[Termination "KSho99 won by resignation"]

1. e4 e6 2. d4 d5 3. exd5 exd5 4.
Nf3 Bd6 5. Bd3 Ne7 6. Nc3 c6 7. h3 Bf5 8. O-O O-O 9. Re1 Bxd3 10. Qxd3 Nd7 11. Ne5 Ng6 12. f4 Re8 13. Qf5 f6 14.
Nxd7 Rxe1+ 15. Kf2 Re7 16. Nc5 Bxc5 17. dxc5 Qd7 18.
Qd3 Rae8 19. Bd2 d4 20. Nd1 Re2+ 21. Qxe2 Rxe2+ 22. Kxe2 Qe7+ 23. Kd3 Qxc5 24. c4 Qd6 25. g3 c5 26. Nf2 Qe6 27. g4 Qb6 28. b3 Qc6 29. Ne4 Qc7 30. Rf1 b6 31. a4 Ne7 32. f5 Nc6 33. Bf4 Ne5+ 34. Bxe5 Qxe5 35. Rf3 Qh2 36. Nf2 Qg2 37. Ke2 Qg1 38. Kd3 Qb1+ 39.
Kd2 Qb2+ 40. Ke1 Qc1+ 41. Nd1 Kf7 42. a5 bxa5 43. Rf2 Qb1 44. Rf3 d3 45. Kd2 Qc2+ 46.
Ke3 Qe2+ 47. Kf4 Qxd1 48. Re3 Qc1 49. Kf3 Qf1+ 50. Ke4 d2 51. Rd3 Qxd3+ 52. Kxd3 d1=Q+ 53. Kc3 Qc1+ 54. Kd3 Qb2 55. b4 Qb3+ 56. Ke4 Qxc4+ 57. Kf3 cxb4 58. g5 fxg5 0-1

[Event "Late-Titled-Tuesday-Blitz-March-12-2024"]
[Site "Chess.com"]
[Date "2024.03.12"]
[Round "8"]
[White "KNVB"]
[Black "ValeriyGrinev"]
[Result "1-0"]
[WhiteElo "2780"]
[BlackElo "2606"]
[TimeControl "180+1"]
[EndTime "15:26:33 PDT"]
[Termination "KNVB won by resignation"]

1. d4 d5 2. Bf4 e6 3. e3 Nf6 4. Nf3 Bd6 5. Nbd2 Bxf4 6. exf4 c5 7. dxc5 Qa5 8. g3 Qxc5 9. Bd3 b6 10. Qe2 a5 11. Nb3 Qc7 12. Nbd4 Ba6 13. Nb5 Bxb5 14. Bxb5+ Nbd7 15. O-O O-O 16. Rfe1 Ne4 17. c3 Nd6 18. Bd3 a4 19. a3 Rab8 20. Rad1 b5 21. h4 g6 22. h5 Nc4 23. hxg6 hxg6 24. Bxg6 fxg6 25. Qxe6+ Kg7 26. Ng5 Nc5 27. Qxd5 Rbe8 28. Kg2 Nxb2 29.
Rxe8 Rxe8 30. Rh1 Kf6 31. Rh7 Re7 32. Qd4+ Kf5 33. g4+ Kxg4 34. f5+ Kxg5 35. Qh4+ Kxf5 36. Rxe7 Qc6+ 37. f3 Nbd3 38. Qg4+ Kf6 39. Qh4+ Kf5 40. Rf7+ Ke5 41. Qd4+ Ke6 42. Rf6+ 1-0

[Event "Late-Titled-Tuesday-Blitz-March-12-2024"]
[Site "Chess.com"]
[Date "2024.03.12"]
[Round "8"]
[White "cthake"]
[Black "Josgar05"]
[Result "0-1"]
[WhiteElo "1740"]
[BlackElo "2331"]
[TimeControl "180+1"]
[EndTime "15:26:34 PDT"]
[Termination "Josgar05 won by checkmate"]

1. c4 g6 2. Nc3 Bg7 3. g3 f5 4.
Bg2 Nf6 5. d4 d6 6. e3 O-O 7.
Nge2 c6 8. O-O Nbd7 9. Rb1 e5 10.
b4 e4 11. a4 a5 12. b5 c5 13.
Nf4 Nb6 14. dxc5 dxc5 15. Qe2 g5 16. Nfd5 Nfxd5 17. cxd5 Qd6 18. Bb2 Bd7 19. Rfd1 Rae8 20. f3 exf3 21. Bxf3 g4 22. Bg2 Bh6 23. Bc1 Re7 24.
Qf2 Nc4 25. e4 Qe5 26. Bxh6 Qxc3 27. Bxf8 Kxf8 28. exf5 Ne3 29. d6 Re5 30. Re1 Bxf5 31. d7 Ke7 32. Bxb7 Kxd7 33. Bc6+ Kc7 34. Qf4 Qd4 35.
Qxd4 cxd4 36. Rbc1 Kb6 37. Kf2 Be6 38. Re2 Bb3 39.
Be8 Bxa4 40. Rc6+ Kb7 41. Rd6 Rf5+ 42. Ke1 Rf1+ 43. Kd2 Rd1# 0-1

[Event "Late-Titled-Tuesday-Blitz-March-12-2024"]
[Site "Chess.com"]
[Date "2024.03.12"]
[Round "8"]
[White "betta2004"]
[Black "Korchmar_Vasiliy"]
[Result "1-0"]
[WhiteElo "2577"]
[BlackElo "2692"]
[TimeControl "180+1"]
[EndTime "15:26:36 PDT"]
[Termination "betta2004 won by checkmate"]

1. d4 Nf6 2. Nc3 c5 3. d5 g6 4.
e4 Bg7 5. Nf3 O-O 6. Be2 e6 7.
O-O exd5 8. exd5 d6 9. Bg5 h6 10. Bh4 g5 11. Bg3 Nh5 12. Nd2 Nxg3 13. hxg3 Bf5 14. Nc4 Na6 15. Nb5 Nb4 16. c3 a6 17.
Nbxd6 Bc2 18. Qd2 b5 19. cxb4 Bg6 20. bxc5 bxc4 21. Bxc4 Rb8 22. b3 Qc7 23. Qe3 f5 24. Rac1 f4 25. Qe6+ Kh7 26. Rfe1 fxg3 27. fxg3 Qxc5+ 28. Kh1 Rb6 29. Qxg6+ Kxg6 30. Bd3+ Kh5 31. Rxc5 Rxd6 32.
g4+ Kh4 33. Kh2 Rf2 34. Rc4 Rxd5 35. Re3 Be5+ 36. Kg1 Rxa2 37. Rh3# 1-0

[Event "Late-Titled-Tuesday-Blitz-March-12-2024"]
[Site "Chess.com"]
[Date "2024.03.12"]
[Round "8"]
[White "ShahMatKanal"]
[Black "Zampronha1971"]
[Result "1-0"]
[WhiteElo "2496"]
[BlackElo "2333"]
[TimeControl "180+1"]
[EndTime "15:26:38 PDT"]
[Termination "ShahMatKanal won on time"]

1. g4 d5 2. Bg2 c6 3. c4 e6 4. d4 Nd7 5. Nc3 Bb4 6. Qb3 Qb6 7.
c5 Bxc3+ 8. bxc3 Qxb3 9. axb3 b6 10. cxb6 Nxb6 11. g5 Ne7 12. Nf3 Bb7 13. Ne5 Nd7 14.
Nd3 Nf5 15. h4 h6 16. Ba3 hxg5 17. hxg5 Rxh1+ 18. Bxh1 f6 19. gxf6 gxf6 20. Kd2 Kf7 21. Bf3 a6 22. Rg1 Rh8 23. Nf4 Ng7 24. e4 Rh2 25.
Ke2 e5 26. Ng2 exd4 27. cxd4 Ne6 28. Bb2 Ng5 29. exd5 cxd5 30. Ne3 Rh3 31. Bg4 Nf8 32. Bxh3 Nxh3 33. Rc1 Ne6 34. Nf5 Kg6 35.
Nd6 1-0

[Event "Late-Titled-Tuesday-Blitz-March-12-2024"]
[Site "Chess.com"]
[Date "2024.03.12"]
[Round "8"]
[White "NMJeevanK"]
[Black "Heydarli77"]
[Result "1-0"]
[WhiteElo "2609"]
[BlackElo "2404"]
[TimeControl "180+1"]
[EndTime "15:26:39 PDT"]
[Termination "NMJeevanK won by checkmate"]

1. e4 c5 2. Nc3 e6 3. g3 b6 4. Bg2 Bb7 5. Nh3 d6 6. O-O Nf6 7. d3 Nbd7 8. f4 Qc7 9. f5 e5 10. g4 h6 11. b3 a6 12. a4 Be7 13. Be3 Nb8 14. Nd5 Bxd5 15. exd5 Nbd7 16. c3 Rc8 17. Qe2 Qb7 18. Qf3 Nh7 19. d4 Ng5 20.
Nxg5 hxg5 21. dxe5 Nxe5 22. Qe4 f6 23. Bf2 Kf7 24.
Bg3 Qc7 25. Rad1 c4 26. Bxe5 fxe5 27. b4 Bf6 28. Rf3 a5 29. Rb1 axb4 30. Rxb4 Qc5+ 31. Kh1 Rc7 32. h3 Rhc8 33. Qb1 Qxd5 34. Rxb6 Qc5 35.
Rf1 Be7 36. Rd1 Qe3 37. f6 Bxf6 38. Rbxd6 Rh8 39. Bd5+ Ke8 40. Qb8+ Ke7 41. Qxc7+ Kf8 42. Qf7# 1-0

[Event "Late-Titled-Tuesday-Blitz-March-12-2024"]
[Site "Chess.com"]
[Date "2024.03.12"]
[Round "8"]
[White "Adar_07"]
[Black "GMBenjaminBok"]
[Result "1-0"]
[WhiteElo "2827"]
[BlackElo "3010"]
[TimeControl "180+1"]
[EndTime "15:26:40 PDT"]
[Termination "Adar_07 won on time"]

1. e4 c5 2. Nf3 d6 3. d4 cxd4 4.
Nxd4 Nf6 5. Nc3 a6 6. h3 e5 7. Nb3 Be7 8. g4 h6 9. Be3 Nbd7 10. Qd2 b5 11. f3 Bb7 12. O-O-O b4 13. Ne2 d5 14. Ng3 d4 15. Bf2 Nxg4 16. f4 Nxf2 17.
Qxf2 O-O 18. Rg1 Bh4 19. Qf3 exf4 20. Nf5 Kh8 21. Rxd4 Ne5 22. Qh5 Qf6 23. Nxh4 Rad8 24. Nf5 Rxd4 25. Nbxd4 Bxe4 26. Rxg7 Bxf5 27. Nxf5 Rd8 28.
Rg1 1-0

[Event "Late-Titled-Tuesday-Blitz-March-12-2024"]
[Site "Chess.com"]
[Date "2024.03.12"]
[Round "8"]
[White "Lennis93"]
[Black "remi04"]
[Result "0-1"]
[WhiteElo "2708"]
[BlackElo "2902"]
[TimeControl "180+1"]
[EndTime "15:26:41 PDT"]
[Termination "remi04 won on time"]

1. d4 d5 2. Nf3 Nf6 3. c4 e6 4.
Nc3 dxc4 5. e3 a6 6. a4 b6 7. Bxc4 Bb7 8. Qe2 c5 9. O-O Qc7 10. d5 exd5 11. Ba2 Be7 12. Rd1 c4 13. e4 dxe4 14. Ng5 O-O 15. Bxc4 Bd6 16. Ncxe4 Bxh2+ 17. Kh1 Nxe4 18. Nxe4 Bf4 19. Nf6+ Kh8 20. Nd5 Bxd5 21. Bxd5 Ra7 22. Qe4 Bxc1 23. Raxc1 Qe7 24. Re1 Qxe4 25.
Rxe4 Rd7 26. Bc4 g6 27. Rce1 Kg7 28. b3 Rfd8 29. Kh2 a5 30. Bb5 Rc7 31. Bc4 Nc6 32.
Rf4 Nd4 33. g4 g5 0-1

[Event "Late-Titled-Tuesday-Blitz-March-12-2024"]
[Site "Chess.com"]
[Date "2024.03.12"]
[Round "8"]
[White "matagordo"]
[Black "Kopytkin"]
[Result "0-1"]
[WhiteElo "2293"]
[BlackElo "2429"]
[TimeControl "180+1"]
[EndTime "15:26:42 PDT"]
[Termination "Kopytkin won by resignation"]

1. d4 g6 2. Bf4 Bg7 3. Nc3 d6 4.
e4 Nc6 5. Nge2 e5 6. dxe5 dxe5 7. Qxd8+ Nxd8 8. Be3 c6 9. O-O-O Nf6 10. f3 Be6 11.
Kb1 b5 12. h4 Nb7 13. Ng3 h5 14. Nge2 O-O 15. a3 a5 16. Na2 Rfd8 17. Nec3 Rxd1+ 18. Nxd1 Rd8 19. Be2 Bf8 20. Bg5 Kg7 21. g4 Rd7 22. Rg1 hxg4 23. Bxf6+ Kxf6 24. fxg4 Bc5 25. Rf1+ Kg7 26.
h5 Rd8 27. Bd3 Rh8 28. Be2 Rd8 29. Bd3 Bxg4 30. hxg6 fxg6 31. Nf2 Be6 32. Nc3 Rf8 33. Ncd1 Nd6 34. Kc1 Nc4 35. Ng4 Bxg4 36. Rg1 Bxg1 0-1

[Event "Late-Titled-Tuesday-Blitz-March-12-2024"]
[Site "Chess.com"]
[Date "2024.03.12"]
[Round "8"]
[White "zajka-molotok"]
[Black "Danito1954"]
[Result "0-1"]
[WhiteElo "2553"]
[BlackElo "2343"]
[TimeControl "180+1"]
[EndTime "15:26:44 PDT"]
[Termination "Danito1954 won by resignation"]

1. e4 e5 2. Nf3 Nc6 3. Nc3 Nf6 4. Bb5 Nd4 5. O-O Nxb5 6. Nxb5 c6 7. Nc3 d6 8. d4 Qc7 9. Bg5 Be7 10. h3 O-O 11. Qd3 b5 12. Rad1 b4 13. Ne2 c5 14. dxe5 dxe5 15. Ng3 a5 16. Rfe1 c4 17. Qe3 Bc5 18. Qe2 Ra6 19. Nf5 Bxf5 20. exf5 Re8 21. Bxf6 Rxf6 22. Qe4 g6 23. fxg6 hxg6 24. Rd5 Ba7 25. Rxe5 Rxe5 26. Qxe5 Qb6 27. Qe3 Qa6 28. Qe8+ Kg7 29.
Qe5 Qb6 30. Re2 a4 31. b3 axb3 32. axb3 cxb3 33. cxb3 Bb8 34. Qb2 Qd6 35. Rd2 Qc7 36.
Rd1 Qc3 37. Qxc3 bxc3 38. Rc1 Ra6 39. g3 Ra2 40. Rxc3 Ba7 41. Ng5 Rxf2 42. Rc7 Bb6 43. Rb7 Be3 44. Kh1 Bxg5 0-1

[Event "Late-Titled-Tuesday-Blitz-March-12-2024"]
[Site "Chess.com"]
[Date "2024.03.12"]
[Round "8"]
[White "NelsonLinda"]
[Black "Quattroporte300"]
[Result "1-0"]
[WhiteElo "2644"]
[BlackElo "2495"]
[TimeControl "180+1"]
[EndTime "15:26:45 PDT"]
[Termination "NelsonLinda won by resignation"]

1. b3 e5 2. Bb2 Nc6 3. e3 Nf6 4. Bb5 Bd6 5. Na3 a6 6. Be2 b5 7.
c4 b4 8. Nc2 O-O 9. Nf3 Re8 10.
O-O a5 11. d4 e4 12. Nd2 Bf8 13. d5 Ne5 14. Nd4 d6 15. a3 Bd7 16. axb4 axb4 17. Re1 g6 18. Qc2 Bg7 19. Rxa8 Qxa8 20. Ra1 Qb7 21. Qb1 h5 22. h3 g5 23. Nf1 h4 24.
Ra5 Kh7 25. Nd2 Ng6 26. Nc6 Bxc6 27. dxc6 Qxc6 28. Rxg5 Ne5 29. Rf5 Kg6 30. Rf4 Bh6 31.
Rxh4 Bg5 32. Nxe4 Bxh4 33. Nxd6+ Kg7 34. Nxe8+ Qxe8 35. g3 Bg5 36. Qf5 Ned7 37. Qxg5+ Kf8 38. Bxf6 Nxf6 39. Qxf6 Qe4 40. Qh8+ Ke7 41. Qb2 c5 42. Qc1 f5 43. Qd1 Ke6 44. Bf3 Qe5 45. Qd5+ Qxd5 46.
Bxd5+ 1-0

[Event "Late-Titled-Tuesday-Blitz-March-12-2024"]
[Site "Chess.com"]
[Date "2024.03.12"]
[Round "8"]
[White "waltereador"]
[Black "FMYiLiu"]
[Result "1/2-1/2"]
[WhiteElo "2329"]
[BlackElo "2485"]
[TimeControl "180+1"]
[EndTime "15:26:45 PDT"]
[Termination "Game drawn by repetition"]

1. e4 e6 2. d4 d5 3. Nd2 c5 4. exd5 Qxd5 5. Ngf3 cxd4 6. Bc4 Qd7 7. O-O Nc6 8. Nb3 a6 9. Nbxd4 Nxd4 10. Nxd4 Qc7 11.
Bb3 Bd6 12. Re1 Bxh2+ 13. Kh1 Be5 14. Nxe6 Bxe6 15. Bxe6 fxe6 16. Qh5+ g6 17. Qxe5 Qxe5 18. Rxe5 Kf7 19. Bg5 Nf6 20. Rae1 Rhe8 21. f3 Rad8 22.
c4 Rd4 23. b3 h6 24. Be3 Rd3 25. Kg1 g5 26. Kf2 Red8 27. Re2 R8d6 28. Bc5 Rc6 29.
Be3 Nd7 30. Re4 Nf8 31. Rd4 Rxd4 32. Bxd4 Ng6 33. g3 h5 34. Be3 Kf6 35. Bd4+ Kf5 36. Re4 g4 37. Bc3 e5 38. Ke3 b5 39. Ke2 Rc5 40. Bd2 bxc4 41. Rxc4 Rxc4 42. bxc4 gxf3+ 43.
Kxf3 e4+ 44. Ke2 Ne5 45. c5 Ke6 46. Bf4 Nc4 47. c6 a5 48. c7 Kd7 49. Kf2 a4 50. Ke2 Kc8 51. Kf2 Kd7 52. Ke2 Kc8 53. Kf2 Kd7 1/2-1/2

[Event "Late-Titled-Tuesday-Blitz-March-12-2024"]
[Site "Chess.com"]
[Date "2024.03.12"]
[Round "8"]
[White "pirulillo"]
[Black "Sinquefield"]
[Result "0-1"]
[WhiteElo "2309"]
[BlackElo "2521"]
[TimeControl "180+1"]
[EndTime "15:26:47 PDT"]
[Termination "Sinquefield won by checkmate"]

1. e4 d6 2. d4 Nf6 3. Nc3 Nbd7 4. f4 e5 5. Nf3 exd4 6. Qxd4 c6 7. Bc4 d5 8. exd5 Bc5 9. Qd3 O-O 10. dxc6 Re8+ 11.
Kf1 bxc6 12. Bd2 Qc7 13. g3 Nb6 14. Kg2 Rd8 15. Qe2 Bg4 16. Bd3 Re8 17. Qf1 Nbd5 18. Nxd5 Nxd5 19. h3 Bd7 20. Re1 Ne3+ 21. Bxe3 Bxe3 22.
Ne5 Bd4 23. Bxh7+ Kh8 24. Bd3 Bxe5 25. fxe5 Be6 26. Qf4 Qe7 27. Rhf1 Rab8 28. b3 Rb4 29. Qe3 Rd8 30. Kh2 Rbd4 31. Rf4 Qb4 32. Ref1 Qc3 33.
Re4 Rxd3 34. cxd3 Rxd3 35. Qf2 Bd5 36. Re2 Rf3 37. Qe1 Rxf1 38. Qxc3 Rh1# 0-1

[Event "Late-Titled-Tuesday-Blitz-March-12-2024"]
[Site "Chess.com"]
[Date "2024.03.12"]
[Round "8"]
[White "IMRosen"]
[Black "ural58"]
[Result "0-1"]
[WhiteElo "2668"]
[BlackElo "2527"]
[TimeControl "180+1"]
[EndTime "15:26:49 PDT"]
[Termination "ural58 won by resignation"]

1. e4 d5 2. exd5 Qxd5 3. Nc3 Qa5 4. b4 Qxb4 5. Nb5 Qa5 6. Bc4 Nf6 7. Nf3 a6 8. Nbd4 e6 9. O-O Be7 10. d3 c5 11. Ne2 b5 12. Bb3 Bb7 13. Ng3 Nbd7 14. Re1 O-O 15. Bb2 Rad8 16. Qe2 Rfe8 17. Ng5 Bd5 18. c4 bxc4 19. dxc4 Ba8 20. Bc2 Nf8 21.
Rad1 Rxd1 22. Qxd1 Rd8 23. Qb1 h6 24. Bxf6 Bxf6 25.
Bh7+ Nxh7 26. Qxh7+ Kf8 27. Qh8+ Ke7 28. Nf5+ Kd7 29. Rd1+ Kc6 30. Nd4+ cxd4 31. Qh7 hxg5 32. c5 Kc7 33. c6 Qf5 34. Qxf5 exf5 35. f4 gxf4 36.
a4 Bxc6 37. a5 d3 38. h4 d2 39. Rb1 d1=Q+ 40. Kh2 Qxb1 41. h5 Qf1 0-1

[Event "Late-Titled-Tuesday-Blitz-March-12-2024"]
[Site "Chess.com"]
[Date "2024.03.12"]
[Round "8"]
[White "Willhaven3"]
[Black "szachmistrz2500"]
[Result "1-0"]
[WhiteElo "2631"]
[BlackElo "2475"]
[TimeControl "180+1"]
[EndTime "15:26:50 PDT"]
[Termination "Willhaven3 won by resignation"]

1. e4 c5 2. Nf3 d6 3. c3 Nf6 4. Bd3 Bg4 5. h3 Bh5 6. Bc2 e6 7. O-O Be7 8. d4 cxd4 9. cxd4 O-O 10. Nc3 Nc6 11. Be3 a6 12. g4 Bg6 13. Nh4 d5 14. Nxg6 fxg6 15. e5 Nd7 16. f4 b5 17. a3 Na5 18. b3 Rc8 19. Ne2 Qc7 20.
Rc1 Bxa3 21. Ra1 Bb4 22. Bd3 Qb6 23. Rf3 Nc6 24. Bb1 Ne7 25. Bf2 a5 26. Kg2 Qc6 27.
Bh4 Rf7 28. Bxe7 Rxe7 29. f5 exf5 30. gxf5 gxf5 31. Bxf5 Rf8 32. Qd3 g6 33. Rc1 Qb6 34.
Bg4 Rxf3 35. Qxf3 Rf7 36. Qxd5 Nf8 37. Rc8 Bd2 38. Be6 Bh6 39. Bxf7+ 1-0

[Event "Late-Titled-Tuesday-Blitz-March-12-2024"]
[Site "Chess.com"]
[Date "2024.03.12"]
[Round "8"]
[White "SpeedofLight0"]
[Black "shimastream"]
[Result "1/2-1/2"]
[WhiteElo "3082"]
[BlackElo "2985"]
[TimeControl "180+1"]
[EndTime "15:26:51 PDT"]
[Termination "Game drawn by repetition"]

1. d4 b6 2. e4 Bb7 3. Bd3 e6 4. Nf3 c5 5. O-O cxd4 6. Nxd4 d6 7.
Nc3 Nd7 8. f4 a6 9. Kh1 Qc7 10. Qe1 Ngf6 11. Bd2 g6 12. Rd1 Bg7 13. Nf3 O-O 14. Qh4 b5 15. a3 Rfe8 16. f5 Nc5 17.
Ng5 e5 18. Bxb5 axb5 19. Nxb5 Qe7 20. Nxd6 Red8 21. Ndxf7 Rxd2 22. fxg6 h6 23. Rxd2 hxg5 24. Nxg5 Ncxe4 25. Re2 Nxg5 26. Qxg5 Re8 27. Re3 e4 28. Qh4 Qe5 29. Rb3 Bc8 30. Rb6 Bf5 31. Qg5 Bd7 32. Qh4 Bf5 33. Qg5 Bd7 34. Qh4 Bf5 1/2-1/2

[Event "Late-Titled-Tuesday-Blitz-March-12-2024"]
[Site "Chess.com"]
[Date "2024.03.12"]
[Round "8"]
[White "Lion-Al-Messi"]
[Black "scarabee43"]
[Result "1-0"]
[WhiteElo "2604"]
[BlackElo "2820"]
[TimeControl "180+1"]
[EndTime "15:26:51 PDT"]
[Termination "Lion-Al-Messi won by checkmate"]

1. e4 c5 2. Nf3 e6 3. d4 cxd4 4. Nxd4 Nc6 5. Nc3 Qc7 6. Be3 a6 7. Qd2 Nf6 8. O-O-O Be7 9. f3 b5 10. g4 Nxd4 11. Qxd4 O-O 12. h4 b4 13. Na4 Bb7 14. h5 d5 15. g5 Nd7 16. exd5 Bxd5 17. h6 Ne5 18. hxg7 Rfc8 19. Bd3 b3 20. axb3 Bxb3 21.
Nc3 Bc4 22. Bxh7+ Kxg7 23. Bf4 f6 24. gxf6+ Bxf6 25. Rdg1+ Kf8 26. Bh6+ Ke7 27. Bg5 Bxg5+ 28. Rxg5 Nf7 29. Rg6 Qa5 30. Rd1 Qa1+ 31. Nb1 Bd5 32. Qh4+ Kd6 33. Qf4+ Ne5 34. Rg5 Rf8 35. Qxe5+ Ke7 36.
Rg7+ Rf7 37. Qc7+ Kf6 38. Rxf7+ Kg5 39. Qf4+ Kh5 40. Rh1# 1-0

[Event "Late-Titled-Tuesday-Blitz-March-12-2024"]
[Site "Chess.com"]
[Date "2024.03.12"]
[Round "8"]
[White "Szparu"]
[Black "Boundless_Strike"]
[Result "1-0"]
[WhiteElo "2801"]
[BlackElo "2615"]
[TimeControl "180+1"]
[EndTime "15:26:53 PDT"]
[Termination "Szparu won by checkmate"]

1. d4 e5 2. dxe5 d6 3. exd6 Bxd6 4. Nc3 Nc6 5. Nf3 Bg4 6. g3 Qe7 7. Bg2 O-O-O 8. Bd2 h5 9. h3 Bxf3 10. Bxf3 Nd4 11. e3 Nf6 12. Kf1 Nf5 13. Qe1 g5 14.
Bg2 Qe5 15. Rd1 c6 16. a3 Rd7 17. Bc1 Rhd8 18. Rd3 Bc5 19. Qe2 Nd6 20. h4 gxh4 21. Rxh4 Nf5 22. Rf4 Ng4 23. Kg1 Bd6 24. Bh3 Rg8 25.
Ne4 Bc7 26. Rxd7 Kxd7 27. Qd3+ Kc8 28. Rxf5 Qe6 29. Rxh5 Kb8 30. Ng5 Qa2 31. Bxg4 Qb1 32.
Qd1 f6 33. Ne6 Be5 34. Rxe5 fxe5 35. Qd6+ Ka8 36. Nc7+ Kb8 37. Na6+ Ka8 38. Qb8+ Rxb8 39. Nc7# 1-0

[Event "Late-Titled-Tuesday-Blitz-March-12-2024"]
[Site "Chess.com"]
[Date "2024.03.12"]
[Round "8"]
[White "trriinu"]
[Black "falzehope0"]
[Result "1-0"]
[WhiteElo "2287"]
[BlackElo "2407"]
[TimeControl "180+1"]
[EndTime "15:26:54 PDT"]
[Termination "trriinu won by resignation"]

1. e4 d6 2. d4 Nf6 3. Nc3 Nbd7 4. Nf3 e5 5. Be2 Be7 6. O-O O-O 7. h3 Re8 8. Be3 c6 9. Qd2 Qc7 10. Rad1 Nf8 11. d5 c5 12. g4 Ng6 13. g5 Nh5 14. Nxe5 Nxe5 15. Bxh5 Bxh3 16. f4 Nc4 17. Qe2 Bxf1 18.
Rxf1 Nxe3 19. Qxe3 g6 20. Be2 a6 21. Qh3 Bf8 22.
Kg2 Bg7 23. Rh1 h5 24. gxh6 Bxc3 25. Qxc3 f6 26. Qxf6 Qh7 27. Bg4 Rxe4 28. Be6+ Rxe6 29. Qxe6+ Kh8 30. Qxd6 Re8 31. Qf6+ Kg8 32. d6 Rf8 33. Qe6+ Kh8 34. Qe5+ Kg8 35. d7 Qxd7 36. h7+ Kf7 37. h8=Q Qd2+ 38. Kg3 Rxh8 39. Rxh8 Qd7 40. Rh7+ 1-0

[Event "Late-Titled-Tuesday-Blitz-March-12-2024"]
[Site "Chess.com"]
[Date "2024.03.12"]
[Round "8"]
[White "WilsonPalencia21"]
[Black "Felix-Rose"]
[Result "1-0"]
[WhiteElo "2558"]
[BlackElo "2297"]
[TimeControl "180+1"]
[EndTime "15:26:55 PDT"]
[Termination "WilsonPalencia21 won on time"]

1. d4 d5 2. c4 e6 3. Nf3 Nf6 4.
Nc3 Be7 5. Bg5 Nbd7 6. e3 h6 7.
Bh4 O-O 8. Qc2 c5 9. dxc5 Nxc5 10. cxd5 Nxd5 11. Nxd5 exd5 12. Bxe7 Qxe7 13. Be2 Bg4 14. O-O Rac8 15. h3 Ne6 16. Qd2 Bxf3 17. Bxf3 Rfd8 18. Bxd5 Nc7 19. e4 Qxe4 20. Bxe4 Rxd2 21. Rac1 Re8 22.
Bxb7 Ne6 23. Rb1 Rb8 24. Ba6 Rbxb2 25. Rxb2 Rxb2 26. Bc4 Nd4 27. Rd1 Ne2+ 28. Kh2 Nc3 29. Rd8+ Kh7 30. Rd7 f5 31. Rxa7 Rxf2 32. Bd3 Nxa2 33.
Kg1 Rd2 34. Bxf5+ Kg8 35. Rxa2 1-0

[Event "Late-Titled-Tuesday-Blitz-March-12-2024"]
[Site "Chess.com"]
[Date "2024.03.12"]
[Round "8"]
[White "Andrei_Skvortsov"]
[Black "KuzubovYuriy"]
[Result "0-1"]
[WhiteElo "2743"]
[BlackElo "2915"]
[TimeControl "180+1"]
[EndTime "15:26:56 PDT"]
[Termination "KuzubovYuriy won on time"]

1. e4 c5 2. d4 cxd4 3. Qxd4 Nc6 4.
Qd3 g6 5. Nc3 Nf6 6. Nf3 d6 7.
Be2 Bg7 8. O-O O-O 9. Nd5 Nd7 10.
c3 a6 11. Bg5 h6 12. Bh4 Re8 13.
Rad1 b5 14. a4 bxa4 15. Qc4 Nc5 16. e5 g5 17. exd6 exd6 18. Bg3 Na5 19. Qb4 Rxe2 20. Ne3 Nab7 21. Nd4 Bxd4 22. Rxd4 a5 23. Qc4 Rxb2 24. Bxd6 Be6 25. Bxc5 Bxc4 26. Rxd8+ Rxd8 27. Nxc4 Rc2 28. Bb6 Rd5 29. Ne3 Rdd2 30. Nxc2 Rxc2 31. Bd4 a3 32.
Ra1 a2 33. h4 Nd6 34. hxg5 hxg5 35. Kh2 f5 36. f3 Kf7 37. Kh3 Nc4 0-1